 Dungeon Crawl Stone Soup version 0.29.1-1-gd02db6906a (webtiles) character file.

Game seed: 10217137840195895604

272 warriortoast the Conjurer (level 6, -5/30 (32) HPs)
             Began as a Deep Elf Conjurer on Oct 11, 2022.
             Slain by Crazy Yiuf
             ... wielding a +4 quarterstaff of chaos
              (9 damage)
             ... on level 3 of the Dungeon.
             The game lasted 00:04:54 (4557 turns).

warriortoast the Conjurer (Deep Elf Conjurer)       Turns: 4557, Time: 00:04:55

HP:   -5/30 (32)    AC:  2    Str:  4    XL:     6   Next: 2%
MP:   4/16          EV: 12    Int: 25    God:
Gold: 99            SH:  5    Dex: 13    Spells: 12/16 levels left

rFire   . . .      SeeInvis +   (no weapon)
rCold   . . .      Faith    .   (no shield)
rNeg    . . .      Spirit   .   a - +0 robe
rPois   .          Reflect  +   (no helmet)
rElec   .          Harm     .   (no cloak)
rCorr   .          Rampage  .   (no gloves)
Will    .....                   (no boots)
Stlth   ++........              o - amulet of reflection
HPRegen 0.10/turn               l - ring of see invisible
MPRegen 0.15/turn               r - ring of flight

@: flying, drained
A: no striking features
a: no special abilities


You were on level 3 of the Dungeon.
You visited 1 branch of the dungeon, and saw 3 of its levels.

You collected 99 gold pieces.

Inventory:

Armour
 a - a +0 robe (worn)
 s - a +0 pair of gloves
Magical Staves
 e - a staff of earth
Jewellery
 l - a ring of see invisible (left hand)
 o - an amulet of reflection (around neck)
 r - a ring of flight (right hand)
Scrolls
 f - 6 scrolls of identify {unknown}
 h - a scroll of enchant weapon {unknown}
 i - 3 scrolls of summoning {unknown}
 j - a scroll of amnesia {unknown}
 m - a scroll of teleportation {unknown}
 n - a scroll of immolation {unknown}
 q - a scroll of fear {unknown}
Potions
 b - a potion of magic
 c - a potion of lignification {unknown}
 d - a potion of berserk rage {unknown}
 g - 2 potions of heal wounds {unknown}
 k - 2 potions of haste {unknown}
 p - a potion of curing {unknown}
 t - 2 potions of invisibility {unknown}


   Skills:
 - Level 2.4 Dodging
 - Level 2.4 Stealth
 + Level 5.6 Spellcasting
 + Level 6.0 Conjurations
 + Level 3.7 Hexes


You had 12 spell levels left.
You knew the following spells:

 Your Spells              Type           Power      Damage    Failure   Level
a - Magic Dart            Conj           100%       1d8       1%          1
b - Dazzling Flash        Conj/Hex       62%        N/A       3%          3

Your spell library contained the following spells:

 Spells                   Type           Power      Damage    Failure   Level
 Searing Ray              Conj           74%        2d7       1%          2
 Tukima's Dance           Hex            25%        N/A       4%          3
 Fulminant Prism          Conj/Hex       15%        3d11      11%         4
 Iskenderun's Mystic Bla  Conj/Tloc      22%        2d6       22%         4
 Passage of Golubria      Tloc           7%         N/A       58%         4
 Yara's Violent Unravell  Hex/Tmut       8%         3d5       69%         5


Dungeon Overview and Level Annotations

Branches:
Dungeon (3/15)

Altars:
Trog

Shops:
D:1 *

Annotations:
D:3 Crazy Yiuf


Message History

Crazy Yiuf is dazzled.
Crazy Yiuf shouts! x2
The magic dart hits Crazy Yiuf.
Crazy Yiuf is moderately wounded.
Crazy Yiuf laughs, "Gnoll water water!"
The magic dart hits Crazy Yiuf.
Crazy Yiuf is moderately wounded.
The magic dart hits Crazy Yiuf.
Crazy Yiuf is heavily wounded.
The magic dart hits Crazy Yiuf.
Crazy Yiuf is heavily wounded.
The magic dart hits Crazy Yiuf but does no damage.
Crazy Yiuf is heavily wounded.
Crazy Yiuf is no longer blind.
The magic dart hits Crazy Yiuf.
Crazy Yiuf is severely wounded.
Crazy Yiuf hits you with a +4 quarterstaff of chaos!!
Ouch! That really hurt!
You feel drained.
* * * LOW HITPOINT WARNING * * *
Casting: Magic Dart (safe; 1% risk of failure)
Confirm with . or Enter, or press ? or * to list all spells.
Casting: Dazzling Flash (dangerous; 3% risk of failure)
Press: ? - help, Dir - look around, f - activate Crazy Yiuf is dazzled.
Crazy Yiuf hits you with a +4 quarterstaff of chaos.
* * * LOW HITPOINT WARNING * * *
Crazy Yiuf burns you.
* * * LOW HITPOINT WARNING * * *
You are too injured to fight recklessly!
You are too injured to fight recklessly!
Casting: Dazzling Flash (dangerous; 3% risk of failure)
Confirm with . or Enter, or press ? or * to list all spells.
Aiming: Magic Dart (safe; 1% risk of failure)
Press: ? - help, Shift-Dir - straight line, f - Crazy Yiuf
Aim: Crazy Yiuf, wielding a +4 quarterstaff of chaos and wearing a +0 cloak (severely wounded, blind, 100% to hit)
The magic dart hits Crazy Yiuf.
Crazy Yiuf is almost dead.
Crazy Yiuf hits you with a +4 quarterstaff of chaos!
You die...

##### #..)#
#...# ... #g#
##@# #.##
##.# ########
#.##
#......##
##.##
######..####
#...##
#....##.....
#....#
#........###
#....#
#.....#.....
#....#
##.#.#.###...


You could see Crazy Yiuf (wandering, blind).

Vanquished Creatures
  An ogre (D:3)
  4 adders (D:2)
  8 gnolls
  A worm (D:3)
  3 dart slugs
  3 bats
  6 endoplasms
  3 giant cockroaches
  5 goblins
  5 hobgoblins
  2 jackals (D:1)
  3 quokkas (D:1)
  4 ball pythons
  2 frilled lizards (D:2)
  9 kobolds
  7 rats
66 creatures vanquished.

Vanquished Creatures (others)
  A wizard (D:3)
1 creature vanquished.

Grand Total: 67 creatures vanquished

Notes
Turn   | Place    | Note
-------+----------+-------------------------------------------
     0 | D:1      | warriortoast the Deep Elf Conjurer began the quest for the
                  | Orb.
     0 | D:1      | Reached XP level 1. HP: 10/10 MP: 6/6
   304 | D:1      | Reached XP level 2. HP: 15/15 MP: 2/8
   564 | D:1      | Found a faded altar of an unknown god.
   695 | D:1      | Found Uraorpheu's General Store.
   720 | D:1      | Reached skill level 5 in Conjurations
   720 | D:1      | Reached XP level 3. HP: 19/19 MP: 6/10
   764 | D:1      | Learned a level 3 spell: Dazzling Flash
  1467 | D:2      | Reached skill level 1 in Hexes
  1793 | D:2      | Reached XP level 4. HP: 18/24 MP: 4/12
  3265 | D:3      | Reached skill level 5 in Spellcasting
  3265 | D:3      | Reached XP level 5. HP: 28/28 MP: 3/14
  3666 | D:3      | Found a runed translucent door.
  3667 | D:3      | Noticed Crazy Yiuf
  3983 | D:3      | Noticed an ogre
  4009 | D:3      | Killed an ogre
  4010 | D:3      | Reached XP level 6. HP: 32/32 MP: 2/16
  4353 | D:3      | Reached skill level 6 in Conjurations
  4469 | D:3      | Found a bloodstained altar of Trog.
  4470 | D:3      | Noticed a wizard
  4476 | D:3      | Killed a wizard
  4557 | D:3      | Slain by Crazy Yiuf

Illustrated notes

Levels and vault maps discovered:
D:1:      nagdon_arrival_zigzag_paths, layout_basic,
          chequers_ecumenical_altar_simple, serial_shops, nicolae_shop_crystal,
          minmay_crystal_water, wad_floor_pattern_untrapped,
          hangedman_decor_points
D:2:      layout_loops_corners, skrybe_limestone_x, minmay_pentomino_t2
D:3:      layout_rooms, trog_wizard, uniq_crazy_yiuf_cottage

Skill      XL: |  1  2  3  4  5  6 |
---------------+-------------------+-----
Spellcasting   | 4 5 |  5.6
Conjurations   | 5 6 |  6.0
Hexes          | 1 2 3 |  3.7
Dodging        | |  2.4
Stealth        | |  2.4

Action                   |  1- 3 |  4- 6 || total
-------------------------+-------+-------++-------
 Cast: Magic Dart        |    72 |   104 ||   176
       Dazzling Flash    |       |     4 ||     4
Armor: Robe              |     1 |       ||     1
Dodge: Dodged            |     6 |    12 ||    18
